 Dungeon Crawl Stone Soup version 0.30-a0-576-g89cddaab80 (webtiles) character file.

Game seed: 7926612016697118169

39 Sabo the Covered (level 3, -1/32 HPs)
             Began as an Armataur Fighter on Dec 30, 2022.
             Slain by Grinder (4 damage)
             ... on level 4 of the Dungeon.
             The game lasted 00:04:56 (886 turns).

Sabo the Covered (Armataur Fighter)                  Turns: 886, Time: 00:04:57

Health: -1/32      AC:  7    Str: 23    XL:     3   Next: 26%
Magic:  3/3        EV:  6    Int:  8    God:
Gold:   60         SH:  8    Dex:  9    Spells: 2/2 levels left

rFire   . . .      SeeInvis .    a - +0 war axe
rCold   . . .      Faith    .    g - +0 kite shield
rNeg    . . .      Spirit   .    b - +0 scale mail
rPois   .          Reflect  .    (no helmet)
rElec   .          Harm     .    (no cloak)
rCorr   .          Roll     +    (no gloves)
Will    .....                    (no barding) Stlth
                                 (no amulet)
HPRegen 0.25/turn                (no ring)
MPRegen 0.08/turn                (no ring)

@: mighty
A: large, rugged brown scales 3, deformed body, armoured tail, roll, long
tongue, awkward tongue
a: no special abilities


You were on level 4 of the Dungeon.
You visited 1 branch of the dungeon, and saw 3 of its levels.

You collected 60 gold pieces.

Inventory:

Hand Weapons
 a - a +0 war axe (weapon)
Armour
 b - a +0 scale mail (worn)
 g - a +0 kite shield (worn)
Scrolls
 c - a scroll of identify {unknown}
Potions
 e - a potion of magic {unknown}
 f - a potion of curing {unknown}


   Skills:
 + Level 2.9 Fighting
 + Level 1.8 Axes
 + Level 4.4 Armour
 + Level 3.8 Shields


You had 2 spell levels left.
You didn't know any spells.
Your spell library was empty.

Dungeon Overview and Level Annotations

Branches:
Dungeon (2/15)

Altars:

Annotations:
D:2 Natasha
D:4 Grinder


Innate Abilities, Weirdness & Mutations

You are completely covered in rugged brown scales. (AC +3, +7% HP)
Armour fits poorly on your strangely shaped body.
You have a long armoured tail.
You roll when moving toward enemies. (Rampage)
Your long tongue fully drains potion bottles. (2x potion effects)
Your tongue gives you trouble enunciating. (1.5x scroll delay)


Message History

Grinder blinks!
You block the ball python's attack.
You slurp down every last drop of the potion of might!
You feel very mighty all of a sudden. You block the ball python's attack.
You closely miss the ball python. You barely miss the orc.
The ball python barely misses you. The orc hits you but does no damage.
You block the ball python's attack.
You closely miss the ball python. You barely miss the orc.
The orc hits you but does no damage. You block the ball python's attack.
The orc hits you but does no damage. You block the ball python's attack.
You closely miss the ball python. You slash the orc!
You kill the orc!
The ball python bites you.
You slash the ball python!
You kill the ball python!
You barely miss the orc. The orc barely misses you. Grinder gestures at you.
Pain shoots through your body! You block the orc's attack.
The orc barely misses you.
Grinder drinks a potion.
Grinder seems to speed up.
You closely miss the orc. You barely miss the orc. Grinder gestures at you.
Pain shoots through your body!
* * * LOW HITPOINT WARNING * * *
The orc hits you but does no damage. The orc closely misses you.
The orc hits you but does no damage. x2
You closely miss the orc. You tail-slap the orc!
You kill the orc!
You closely miss the orc. You barely miss the orc.
The orc hits you with a +0 hand axe.
* * * LOW HITPOINT WARNING * * *
The orc closely misses you. You block the orc's attack.
The orc hits you but does no damage. Grinder barely misses you.
You barely miss Grinder. You tail-slap Grinder!
Grinder is moderately wounded.
You barely miss the orc. You slash the orc!
You kill the orc!
Grinder hits you.
* * * LOW HITPOINT WARNING * * *
You writhe in agony.
You die...

. #.# .. #.#
... #.#
###!...
#.#.###.......
#.#.##o)......
#.#.#.@#......
#.#.#5## #####
#.#...####
#.#......###
##.#.###....#
#...........#
#...####....#
#....## #....#
...>#.. #....#


You could see Grinder (fast) and an orc.

Vanquished Creatures
  2 adders (D:4)
  A dart slug (D:1)
  3 orcs (D:4)
  2 endoplasms (D:1)
  A hobgoblin (D:1)
  2 kobolds (D:1)
  2 quokkas (D:1)
  2 ball pythons
  2 frilled lizards (D:1)
  A goblin (D:1)
18 creatures vanquished.

Notes
Turn   | Place    | Note
-------+----------+-------------------------------------------
     0 | D:1      | Sabo the Armataur Fighter began the quest for the Orb.
     0 | D:1      | Reached XP level 1. HP: 19/19 MP: 1/1
   315 | D:1      | Reached XP level 2. HP: 26/26 MP: 2/2
   448 | D:1      | Reached skill level 4 in Armour
   828 | D:2      | Noticed Natasha
   828 | D:2      | You fall into a shaft and drop 2 floors!
   844 | D:4      | Reached XP level 3. HP: 28/32 MP: 3/3
   868 | D:4      | Noticed Grinder
   886 | D:4      | Slain by Grinder

Illustrated notes

Levels and vault maps discovered:
D:1:      wander_arrival_chamber, layout_basic
D:2:      layout_basic, uniq_natasha
D:4:      layout_basic, minitemple, minmay_ruptured, uniq_grinder

Skill      XL: |  1  2 |
---------------+-------+-----
Armour         | 4 |  4.4
Fighting       | |  2.9
Axes           | |  1.8
Shields        | |  3.8

Action                   || total
-------------------------++-------
Melee: War axe           ||    41
       Tailslap          ||     4
  Use: Potion            ||     1
Armor: Scale mail        ||    20
Dodge: Dodged            ||    17
Block: Buckler           ||     4
       Kite shield       ||    13

Table legend: (Time is in decaauts)
 A = Elapsed time spent in this place.
 B = Non-inter-level travel time spent in this place.
 C = Inter-level travel time spent in this place.
 D = Time resting spent in this place.
 E = Time spent auto-exploring this place.
 F = Levels seen in this place.
 G = Mean time per level.
                   A        B        C        D        E       F      G
               +--------+--------+--------+--------+--------+-----+--------+
         Total |    905 |    905 |      0 |     38 |      0 |   3 |  301.7 |
       Dungeon |    905 |    905 |      0 |     38 |      0 |   3 |  301.7 |
               +--------+--------+--------+--------+--------+-----+--------+

Top non-repeatable levels by time:
     D:1: 831 daAuts
     D:4: 66 daAuts
     D:2: 7 daAuts
